 Dungeon Crawl Stone Soup version 0.31-a0-986-g5e6e4ef867 (webtiles) character file.

Game seed: 14279932151572854200

821 Dittersdorf the Covered (level 8, -11/62 HPs)
             Began as a Human Fighter on Nov 7, 2023.
             Killed from afar by Dowan (13 damage)
             ... with a shard of ice
             ... on level 4 of the Dungeon.
             The game lasted 00:10:50 (6171 turns).

Dittersdorf the Covered (Human Fighter)             Turns: 6171, Time: 00:10:51

Health: -11/62     AC:  8    Str: 19    XL:     8   Next: 17%
Magic:  8/8        EV:  6    Int:  9    God:
Gold:   165        SH: 13    Dex: 12    Spells: 7/7 levels left

rFire   . . .        a - +0 long sword
rCold   . . .        p - +0 tower shield
rNeg    . . .        b - +0 scale mail
rPois   .            (no helmet)
rElec   .            (no cloak)
rCorr   .            m - +0 pair of gloves
SInv    .            (no boots)
Will    .....        (no amulet) Stlth
                     (no ring)
HPRegen 0.30/turn    (no ring)
MPRegen 0.11/turn

%: no passive effects
@: no status effects
A: no striking features
a: no special abilities


You were on level 4 of the Dungeon.
You visited 1 branch of the dungeon, and saw 5 of its levels.
You also visited: Sewer.

You collected 165 gold pieces.

Inventory:

Hand Weapons
 a - a +0 long sword (weapon)
Missiles
 q - a poisoned dart (quivered)
Armour
 b - a +0 scale mail (worn)
 m - a +0 pair of gloves (worn)
 p - a +0 tower shield (worn)
Scrolls
 c - a scroll of fear {unknown}
 f - a scroll of revelation {unknown}
 h - 5 scrolls of teleportation
 j - a scroll of vulnerability {unknown}
 l - 2 scrolls of immolation {unknown}
 o - a scroll of enchant armour {unknown}
 r - a scroll of fog {unknown}
Potions
 d - a potion of lignification {unknown}
 e - 3 potions of curing
 g - 2 potions of heal wounds {unknown}
 i - 2 potions of haste {unknown}
 k - a potion of resistance {unknown}
 n - a potion of enlightenment
 s - 2 potions of cancellation {unknown}
 t - a potion of magic {unknown}
 u - 2 potions of brilliance {unknown}
 v - a potion of invisibility {unknown}


   Skills:
 + Level 5.2 Fighting
 + Level 4.6 Long Blades
 + Level 5.2 Armour
 + Level 5.2 Shields


You had 7 spell levels left.
You didn't know any spells.
Your spell library contained the following spells:

 Spells                   Type           Power      Damage    Failure   Level
 Freeze                   Ice            0%         1d3       100%        1
 Magic Dart               Conj           0%         1d3       100%        1
 Necrotise                Necr           0%         1d4       100%        1
 Searing Ray              Conj           0%         2d4       100%        2
 Frozen Ramparts          Ice            0%         1d1       100%        3
 Hailstorm                Conj/Ice       0%         3d3       100%        3
 Vampiric Draining        Necr           0%         2d6       100%        3
 Fulminant Prism          Conj/Hex       0%         3d5       100%        4
 Agony                    Necr           0%         N/A       100%        5
 Summon Forest            Summ/Tloc      0%         N/A       100%        5
 Summon Mana Viper        Hex/Summ       0%         N/A       100%        5
 Simulacrum               Ice/Necr       0%         N/A       100%        6
 Summon Cactus Giant      Summ           0%         N/A       100%        6
 Ozocubu's Refrigeration  Ice            0%         4d7       100%        7
 Polar Vortex             Ice            0%         N/A       100%        9


Dungeon Overview and Level Annotations

Branches:
Dungeon (5/15)              Sewer (visited)
 Temple: D:4-7

Altars:
Fedhas
Gozag
Nemelex Xobeh
Trog
Yredelemnul

Annotations:
D:4 3 runed translucent doors, Dowan; wireframewife's ghost, novice FoHu


Message History

Press: ? - help, Q - select action Shift-Dir - straight line, f/p - Dowan
Aim: Dowan, wielding a +0 dagger and wearing a +0 robe (severely wounded, fast, 43% to hit)
You throw a poisoned dart. The poisoned dart hits Dowan.
Dowan is severely wounded.
You barely miss Dowan.
Dowan is severely wounded.
You block Dowan's attack. Dowan hits you with a +0 dagger.
Dowan casts a spell at you. The shard of ice hits you!
You barely miss Dowan.
Dowan is severely wounded.
Dowan hits you with a +0 dagger. x2
You completely miss Dowan.
Dowan is severely wounded.
Dowan hits you with a +0 dagger.
* * * LOW HITPOINT WARNING * * *
Dowan hits you but does no damage.
You hit Dowan.
Dowan is severely wounded.
You block Dowan's attack. x2
You barely miss Dowan.
Dowan is severely wounded.
Dowan casts a spell.
Dowan blinks!
You hit Dowan.
Dowan is severely wounded.
Dowan hits you but does no damage. You block Dowan's attack.
Dowan breathes, "And she was my only..."
You block Dowan's attack.
You hit Dowan.
Dowan is almost dead.
Dowan casts a spell.
Dowan blinks!
Dowan points at you and mumbles some strange words.
The shard of ice hits you!
* * * LOW HITPOINT WARNING * * *
There is a stone staircase leading down, spattered with blood here.
Dowan gestures at you while chanting. The shard of ice hits you!
You die...

...## ##........##
....## ##........#
.....## ##.......#
......## ##......#
#......#####(......##
###.....##..........#
##...##.....e.....##
##..........[.....#
#...........@....#
######..(...........##
....###.....(.......#
....................#
....................#
....................#
....................#
.........###....(...#
#........#.#........#


You could see Dowan (fast).

Vanquished Creatures
  Duvessa (D:4)
  A phantom (D:4)
  A kobold brigand (Sewer)
  A scorpion (D:4)
  A centaur zombie (D:3)
  A hound (D:4)
  Natasha (thrice) (D:2)
  4 orc wizards (D:4)
  3 gnolls (D:1)
  9 adders
  4 river rats (Sewer)
  2 ufetubi (D:4)
  An adder zombie (D:3)
  4 worms
  A dart slug (D:4)
  5 orcs
  8 endoplasms
  4 giant cockroaches
  3 hobgoblins
  25 kobolds
  8 quokkas
  10 ball pythons
  A ball python zombie (D:3)
  4 bats
  6 frilled lizards
  A giant cockroach zombie (D:3)
  5 goblins
  31 rats
148 creatures vanquished.

Vanquished Creatures (others)
  3 orc wizards (D:4)
3 creatures vanquished.

Grand Total: 151 creatures vanquished

Notes
Turn   | Place    | Note
-------+----------+-------------------------------------------
     0 | D:1      | Dittersdorf the Human Fighter began the quest for the Orb.
     0 | D:1      | Reached XP level 1. HP: 18/18 MP: 1/1
   111 | D:1      | Reached XP level 2. HP: 24/24 MP: 2/2
   262 | D:1      | Reached XP level 3. HP: 23/29 MP: 3/3
  1049 | D:1      | Reached XP level 4. HP: 7/35 MP: 4/4
  1241 | D:2      | Noticed Natasha
  1262 | D:2      | Killed Natasha
  1515 | D:2      | Noticed Natasha
  1523 | D:2      | Killed Natasha
  1524 | D:2      | Reached XP level 5. HP: 33/42 MP: 5/5
  1744 | D:2      | Noticed Natasha
  1759 | D:2      | Killed Natasha
  2085 | D:3      | Identified the of Vicon
  2264 | D:3      | Reached XP level 6. HP: 39/48 MP: 6/6
  2295 | D:3      | Found a blossoming altar of Fedhas.
  2297 | D:3      | Found a sparkling altar of Nemelex Xobeh.
  2552 | D:3      | Found a bloodstained altar of Trog.
  2698 | D:3      | Found a basalt altar of Yredelemnul.
  2824 | D:4      | Found a runed translucent gate.
  2824 | D:4      | Found a runed translucent gate.
  2824 | D:4      | Found a runed translucent gate.
  2825 | D:4      | Found an opulent altar of Gozag.
  3194 | D:4      | Reached XP level 7. HP: 38/55 MP: 7/7
  3682 | D:4      | Noticed wireframewife's ghost (novice FoHu)
  4223 | D:5      | Entered Level 5 of the Dungeon
  4223 | D:5      | Found a glowing drain.
  4382 | D:5      | Noticed Duvessa
  4382 | D:5      | Noticed Dowan
  4389 | Sewer    | Entered a sewer
  5452 | Sewer    | Reached skill level 5 in Fighting
  5452 | Sewer    | Reached skill level 5 in Armour
  5452 | Sewer    | Reached skill level 5 in Shields
  5462 | Sewer    | Reached XP level 8. HP: 6/62 MP: 8/8
  6069 | D:4      | Killed Duvessa
  6169 | D:4      | HP: 1/62 [Dowan/shard of ice (17)]
  6171 | D:4      | Killed from afar by Dowan

Illustrated notes

Levels and vault maps discovered:
D:1:      wheals_arrival_linesprint, layout_loops_ring, minmay_tetromino_o4
D:2:      layout_loops_ring, uniq_natasha
D:3:      layout_rooms, trog_book, nicolae_yredelemnul_corpse_copse,
          chequers_temple_overflow_statue_of_worship, serial_corexii_hall,
          corexii_hall_statues_u, chequers_hall_statues_wall_a,
          corexii_item_surrounded_by_moat
D:4:      layout_cave_pods, ebering_ghost_gozag,
          minmay_a_box_with_orc_wizards_in_it
D:5:      kennysheep_kobold_camp, layout_cave_pods, portal_sewer_entry_a,
          minmay_checkerbox, uniq_duvessa

Skill      XL: |  1  2  3  4  5  6  7 |
---------------+----------------------+-----
Long Blades    | 3 4 |  4.6
Shields        | 4 5 |  5.2
Fighting       | 4 5 |  5.2
Armour         | 4 5 |  5.2

Action                     |  1- 3 |  4- 6 |  7- 9 || total
---------------------------+-------+-------+-------++-------
  Melee: Long sword        |    71 |   229 |   331 ||   631
  Throw: Dart              |       |       |     9 ||     9
    Use: Potion            |       |     1 |     1 ||     2
         Scroll            |       |       |     3 ||     3
 Armour: Scale mail        |    53 |   197 |   363 ||   613
  Dodge: Dodged            |    32 |   106 |    90 ||   228
  Block: Buckler           |    20 |    35 |       ||    55
         Tower shield      |       |    67 |   338 ||   405

Table legend: (Time is in decaauts)
 A = Elapsed time spent in this place.
 B = Non-inter-level travel time spent in this place.
 C = Inter-level travel time spent in this place.
 D = Time resting spent in this place.
 E = Time spent auto-exploring this place.
 F = Levels seen in this place.
 G = Mean time per level.
                   A        B        C        D        E       F      G
               +--------+--------+--------+--------+--------+-----+--------+
         Total |   6500 |   6220 |    280 |   1477 |   2792 |   6 | 1083.3 |
       Dungeon |   4798 |   4518 |    280 |    673 |   2605 |   5 |  959.6 |
         Sewer |   1702 |   1702 |      0 |    804 |    187 |   1 | 1702.0 |
               +--------+--------+--------+--------+--------+-----+--------+

Top non-repeatable levels by time:
   Sewer: 1702 daAuts
     D:4: 1626 daAuts
     D:2: 1103 daAuts
     D:1: 1085 daAuts
     D:3: 762 daAuts
     D:5: 220 daAuts
